 Dungeon Crawl Stone Soup version 0.19-a0-1861-g35def1e (webtiles) character file.

240 Naow the Magician (level 5, 0/28 HPs)
             Began as a Deep Elf Conjurer on Oct 12, 2016.
             Slain by a hound (2 damage)
             ... on level 4 of the Dungeon.
             The game lasted 00:04:12 (2308 turns).

Naow the Magician (Deep Elf Conjurer)               Turns: 2308, Time: 00:04:13

Health: 0/28       AC:  2    Str:  5    XL:     5   Next: 79%
Magic:  16/16      EV: 13    Int: 21    God:
Gold:   262        SH:  0    Dex: 15    Spells: 4 memorised, 3 levels left

rFire  . . .     SeeInvis .     (no weapon)
rCold  . . .     Gourm    .     a - +0 robe
rNeg   . . .     Faith    .     (no shield)
rPois  .         Spirit   .     (no helmet)
rElec  .         Dismiss  .     (no cloak)
rCorr  .         Reflect  .     (no gloves)
MR     .....     Harm     .     (no boots)
Stlth  ++........               (no amulet)
                                (no ring)
                                (no ring)

@: no status effects
A: no striking features
a: no special abilities


You were on level 4 of the Dungeon.
You were not hungry.

You visited 1 branch of the dungeon, and saw 4 of its levels.

You collected 262 gold pieces.

Inventory:

Armour
 a - a +0 robe (worn)
Scrolls
 d - 3 scrolls of identify {unknown}
 g - a scroll of enchant weapon {unknown}
 j - a scroll of remove curse {unknown}
 m - a scroll of fog {unknown}
Potions
 e - a potion of cancellation {unknown}
 f - 3 potions of curing {unknown}
 i - a potion of flight {unknown}
 k - a potion of degeneration {unknown}
Books
 b - a book of Conjurations

   Spells                             Type                      Level
   a - Magic Dart                     Conjuration                  1
   b - Searing Ray                    Conjuration                  2
   c - Dazzling Spray                 Conjuration/Hexes            3
   d - Fulminant Prism                Conjuration/Hexes            4
   e - Iskenderun's Mystic Blast      Conjuration                  4
   f - Iskenderun's Battlesphere      Conjuration/Charms           5
Comestibles
 c - 2 bread rations
 h - a slice of pizza
 l - a meat ration


   Skills:
 - Level 2.5 Dodging
 - Level 2.5 Stealth
 - Level 6.6 Spellcasting
 + Level 5.9 Conjurations


You had 3 spell levels left.
You knew the following spells:

 Your Spells              Type           Power        Failure   Level  Hunger
a - Magic Dart            Conj           ####         1%          1    None
b - Iskenderun's Battles  Conj/Chrm      ###.....     78%         5    #####..
c - Iskenderun's Mystic   Conj           ####....     10%         4    ###....
d - Fulminant Prism       Conj/Hex       ###.......   28%         4    ###....


Dungeon Overview and Level Annotations

Branches:
Dungeon (4/15)
 Temple: D:4-7

Altars:
Sif Muna
Xom

Annotations:
D:3 1 runed door


Message History

The hound bites you but does no damage. The hound bites you.
The hound bites you. The hound barely misses you. The hound barely misses you.
The hound misses you. The hound bites you. The hound closely misses you.
The hound bites you.
* * * LOW HITPOINT WARNING * * *
The hound bites you.
* * * LOW HITPOINT WARNING * * *
There is a stone staircase leading down here.
The hound bites you.
* * * LOW HITPOINT WARNING * * *
The hound bites you.
* * * LOW HITPOINT WARNING * * *
The hound barely misses you. The hound bites you.
You die...

############ #..........#
#.########.# #.# #.#
#####.########.########
#.).....O...>..........
###.###h######.#.########
#...#...@#.# #.#.########
#.###.#....# #...........
#.#....<.#.# #...........
#.#.#.##.#.# ##..........
#.#.#.##.#.# #..........
#.#.#.##.#.# #.....#####
#.#>#....#.# #.....#
#.#.#..#.#.# ##.####
#.#.######.# #.#


You could see a hound.

Vanquished Creatures
  A phantom (D:4)
  Natasha (thrice) (D:2)
  An adder (D:3)
  2 worms (D:3)
  3 dart slugs
  A leopard gecko (D:1)
  A ball python (D:3)
  3 bats
  A giant cockroach (D:3)
  7 goblins
  9 hobgoblins
  7 jackals
  8 kobolds
  A quokka (D:2)
  2 frilled lizards
  3 rats
53 creatures vanquished.

Notes
Turn   | Place    | Note
-------+----------+-------------------------------------------
     0 | D:1      | Naow the Deep Elf Conjurer began the quest for the Orb.
     0 | D:1      | Reached XP level 1. HP: 10/10 MP: 6/6
   205 | D:1      | Reached XP level 2. HP: 13/15 MP: 4/8
   633 | D:1      | Reached skill level 4 in Spellcasting
   864 | D:2      | Reached XP level 3. HP: 19/19 MP: 8/10
   890 | D:2      | Noticed Natasha
   895 | D:2      | Killed Natasha
   895 | D:2      | Reached skill level 5 in Spellcasting
  1110 | D:2      | Found a shimmering altar of Xom.
  1300 | D:2      | Reached XP level 4. HP: 24/24 MP: 8/13
  1336 | D:2      | Noticed Natasha
  1340 | D:2      | Killed Natasha
  1410 | D:2      | Found a deep blue altar of Sif Muna.
  1464 | D:2      | Noticed Natasha
  1467 | D:2      | Killed Natasha
  1467 | D:2      | Reached skill level 6 in Spellcasting
  1691 | D:3      | Reached XP level 5. HP: 28/28 MP: 11/16
  1718 | D:3      | Learned a level 5 spell: Iskenderun's Battlesphere
  1723 | D:3      | Learned a level 4 spell: Iskenderun's Mystic Blast
  1728 | D:3      | Learned a level 4 spell: Fulminant Prism
  1958 | D:3      | Found a runed door.
  2201 | D:4      | Noticed a phantom
  2211 | D:4      | Killed a phantom
  2211 | D:4      | Reached skill level 5 in Conjurations
  2268 | D:4      | Noticed an ogre
  2304 | D:4      | HP: 1/28 [hound (2)]
  2308 | D:4      | Slain by a hound

Vault maps used:
D:1:      scummos_arrival_gate, serial_bayou_lagoon_a
D:2:      nicolae_overflow_crystal_walls, lemuel_coloured_pillars_altar,
          minmay_tetromino_i4, uniq_natasha
D:3:      uniq_crazy_yiuf_cottage
D:4:      first_bread, kennysheep_generic_room_8, uniq_pikel

Skill      XL: |  1  2  3  4  5 |
---------------+----------------+-----
Spellcasting   | 4 5 6 |  6.6
Conjurations   | 5 |  5.9
Dodging        | |  2.5
Stealth        | |  2.5

Action                   |  1- 3 |  4- 6 || total
-------------------------+-------+-------++-------
 Cast: Magic Dart        |    73 |    57 ||   130
  Eat: Chunk             |     1 |     3 ||     4
Armor: Robe              |     3 |     1 ||     4
Dodge: Dodged            |    22 |    11 ||    33
